[Event "*** SCC Grand Prix: Titled Tuesday Blitz"]
[Site "Chess.com"]
[Date "2020.08.04"]
[Round "9"]
[White "djano"]
[Black "NotFischer"]
[Result "0-1"]
[WhiteElo "2405"]
[BlackElo "2218"]
[TimeControl "180+1"]
[EndTime "15:27:14 PDT"]
[Termination "NotFischer won by resignation"]

1. d4 Nf6 2. Bf4 d5 3. Nf3 c5 4.
e3 Nc6 5. Nbd2 cxd4 6. exd4 Bg4 7. c3 e6 8. Qa4 Bxf3 9. Nxf3 Bd6 10. Bg3 O-O 11.
Bd3 Re8 12. O-O Bxg3 13. hxg3 Rc8 14. Rfe1 a6 15. Re2 h6 16. Rae1 Nd7 17. Qd1 b5 18. Bb1 Na5 19. Qd3 Nf6 20. g4 Nc4 21. Ne5 Qb6 22. Qg3 b4 23. g5 hxg5 24. Qxg5 bxc3 25. bxc3 Nd6 26. Re3 Nde4 27. Qh4 Rxc3 28. Bd3 Qxd4 29. Rh3 Kf8 30. Bxe4 Rxh3 31. Qxh3 Qxe5 32. Qa3+ Re7 33. f4 Qd4+ 34. Kh1 Nxe4 35. Qxa6 f6 36. Rc1 Kf7 37. Qc8 Nf2+ 38. Kh2 Ng4+ 39. Kg3 f5 40. Rf1 Qe3+ 41. Rf3 Qe1+ 42. Kh3 Qh1+ 0-1

[Event "*** SCC Grand Prix: Titled Tuesday Blitz"]
[Site "Chess.com"]
[Date "2020.08.04"]
[Round "9"]
[White "Artem_Sadovsky"]
[Black "afgano29"]
[Result "0-1"]
[WhiteElo "2402"]
[BlackElo "2636"]
[TimeControl "180+1"]
[EndTime "15:27:21 PDT"]
[Termination "afgano29 won on time"]

1. Nf3 Nf6 2. g3 g6 3. Bg2 Bg7 4. O-O O-O 5. c4 c6 6. b3 d5 7. Bb2 a5 8. d3 Na6 9. Nbd2 a4 10. Ne5 Nd7 11. Nxd7 Qxd7 12. Bxg7 Kxg7 13. Qc2 d4 14. c5 Nc7 15. bxa4 Nd5 16. Bxd5 Qxd5 17. Qc4 Qxc4 18. Nxc4 Rxa4 19. Rfb1 Ra7 20. Rb4 Be6 21. Nd2 Rfa8 22. Nf3 Bxa2 23. Nxd4 e5 24. Nf3 Bd5 25. Rxa7 Rxa7 26. e4 Be6 27. Nxe5 Bh3 28. Rb1 Ra3 29.
f4 Ra2 30. Rxb7 Rg2+ 31. Kh1 Rc2 32. Rb1 Rxc5 33. Rd1 Rc2 34. Nc4 Bg4 35. Rf1 Be2 36. Ne3 Bxf1 37. Nxc2 Bxd3 38. Ne3 Bxe4+ 39. Kg1 Kf6 40. Kf2 Ke6 0-1

[Event "*** SCC Grand Prix: Titled Tuesday Blitz"]
[Site "Chess.com"]
[Date "2020.08.04"]
[Round "9"]
[White "DariaVoit"]
[Black "MasterKroket"]
[Result "0-1"]
[WhiteElo "2514"]
[BlackElo "2410"]
[TimeControl "180+1"]
[EndTime "15:27:22 PDT"]
[Termination "MasterKroket won by checkmate"]

1. d4 Nf6 2. Nf3 e6 3. c4 d5 4.
g3 Be7 5. Bg2 O-O 6. Qc2 dxc4 7.
Qxc4 a6 8. Bf4 Nd5 9. Ne5 Nxf4 10. gxf4 Nd7 11. O-O Nxe5 12. fxe5 c5 13. dxc5 Qc7 14.
Nc3 Bd7 15. b4 Rab8 16. Rad1 Rfd8 17. f4 b6 18. c6 Be8 19. b5 Bc5+ 20. Kh1 Rbc8 21.
a4 axb5 22. axb5 Ra8 23. Ne4 Be7 24. Ra1 g5 25. Rxa8 Rxa8 26. e3 gxf4 27. exf4 Kh8 28. Rd1 Ra3 29. Nd6 Ra8 30. Be4 Rd8 31. Bb1 Bf8 32.
Qc2 f5 33. exf6 Rxd6 34. Rxd6 Bxd6 35. Qe4 Qf7 36. Qd4 Bc7 37. f5 exf5 38. Bxf5 Qh5 39. Qe4 Qxh2# 0-1

[Event "*** SCC Grand Prix: Titled Tuesday Blitz"]
[Site "Chess.com"]
[Date "2020.08.04"]
[Round "9"]
[White "Anna_ChessMate"]
[Black "Manukyan_Artak"]
[Result "1-0"]
[WhiteElo "2605"]
[BlackElo "2439"]
[TimeControl "180+1"]
[EndTime "15:27:23 PDT"]
[Termination "Anna_ChessMate won by resignation"]

1. d4 Nf6 2. c4 g6 3. Nf3 Bg7 4.
g3 O-O 5. Bg2 c5 6. O-O cxd4 7.
Nxd4 Nc6 8. Nc3 d6 9. Nxc6 bxc6 10. Bxc6 Bh3 11. Bxa8 Qxa8 12. f3 Bxf1 13. Qxf1 d5 14. Be3 dxc4 15. Rd1 Rd8 16. Bd4 Qc6 17. e3 a5 18. Kg2 h5 19. Qe2 h4 20. Bxf6 Rxd1 21. Bxg7 h3+ 22. Kxh3 Rg1 23. Qf2 Qe6+ 24. g4 Ra1 25.
Bd4 f5 26. Qh4 Kf7 27. Qh7+ Ke8 28. Qh8+ Kd7 29. Qa8 fxg4+ 30. fxg4 Rg1 31. Qd5+ Qxd5 32. Nxd5 Kd6 33. Nb6 e5 34. Nxc4+ Kd5 35. Nxe5 g5 36. Nf3 Ra1 37. a3 a4 38. Nxg5 Rf1 39. Kg2 Rf8 40. h4 Kc4 41. Kg3 Kd3 42. h5 Rf1 43. h6 Rh1 44. h7 1-0

[Event "*** SCC Grand Prix: Titled Tuesday Blitz"]
[Site "Chess.com"]
[Date "2020.08.04"]
[Round "9"]
[White "KatarinaOstojic"]
[Black "g2_g3"]
[Result "1-0"]
[WhiteElo "2218"]
[BlackElo "2031"]
[TimeControl "180+1"]
[EndTime "15:27:24 PDT"]
[Termination "KatarinaOstojic won on time"]

1. d4 Nf6 2. Nf3 g6 3. Bg5 Bg7 4. Nbd2 d6 5. c3 O-O 6. e4 Nc6 7. Be2 e5 8. dxe5 dxe5 9. O-O h6 10. Bh4 g5 11. Bg3 Nh5 12. Qc2 Nxg3 13. hxg3 Be6 14. Rad1 Qe7 15. Nc4 Rad8 16. Ne3 Rxd1 17. Rxd1 Rd8 18.
Nd5 Bxd5 19. exd5 Nb8 20. Qe4 Nd7 21. c4 Nc5 22. Qf5 b6 23. b4 Nb7 24. Nd2 Qxb4 25. Bd3 Nd6 26. Qh7+ Kf8 27. Ne4 Nxe4 28. Qxe4 Qa4 29.
Be2 Qxa2 30. Bh5 Qa4 31. f4 exf4 32. gxf4 gxf4 33. Qxf4 Qe8 34. Qxc7 Rd7 35. Qf4 Qe7 36. Rf1 Qg5 37. Qb8+ Rd8 38. Rxf7+ Kg8 39. Qxa7 Bd4+ 40. Kf1 Qxh5 41. Rf4 1-0

[Event "*** SCC Grand Prix: Titled Tuesday Blitz"]
[Site "Chess.com"]
[Date "2020.08.04"]
[Round "9"]
[White "Yoshikrov"]
[Black "ailime26"]
[Result "1-0"]
[WhiteElo "2137"]
[BlackElo "1893"]
[TimeControl "180+1"]
[EndTime "15:27:28 PDT"]
[Termination "Yoshikrov won on time"]

1. e4 c5 2. Nf3 Nc6 3. d4 cxd4 4. Nxd4 Nf6 5. Nc3 e5 6. Ndb5 d6 7. Bg5 a6 8. Na3 b5 9. Bxf6 gxf6 10. Nd5 f5 11. c3 fxe4 12. Bxb5 axb5 13. Nxb5 Kd7 14. Qg4+ Ke8 15. Nbc7+ Qxc7 16. Nxc7+ Kd8 17. Qxe4 Kxc7 18. O-O Rg8 19. Rfd1 Bb7 20. Qf5 Rxg2+ 21. Kf1 Rxh2 22. Qxf7+ Be7 23. b4 Rf8 24. Qg7 Rfxf2+ 25. Kg1 Re2 26. b5 Rhg2+ 27. Qxg2 Rxg2+ 28. Kxg2 Nd4+ 29. Kf2 Bh4+ 30.
Ke3 Nc2+ 31. Kd3 Nxa1 32. Rxa1 Bg5 33. a4 Kb6 34. Kc4 d5+ 35. Kb4 Be7+ 36. Kb3 Ka5 37.
Rh1 d4 38. Rxh7 Bd5+ 39. c4 Bb4 40. cxd5 Bc5 41. Rh6 Bb6 42. Re6 d3 43. Rxe5 d2 44. Kc2 1-0

[Event "*** SCC Grand Prix: Titled Tuesday Blitz"]
[Site "Chess.com"]
[Date "2020.08.04"]
[Round "9"]
[White "Chessbard1972"]
[Black "DaggiGretarsson"]
[Result "0-1"]
[WhiteElo "2349"]
[BlackElo "2608"]
[TimeControl "180+1"]
[EndTime "15:27:29 PDT"]
[Termination "DaggiGretarsson won on time"]

1. e4 g6 2. d4 Bg7 3. Nc3 d6 4.
f3 a6 5. a4 b6 6. Be3 Nd7 7.
Qd2 Bb7 8. Bc4 e6 9. Nge2 h6 10. O-O Ne7 11. Ba2 c6 12. Nf4 d5 13. exd5 cxd5 14.
Nd3 Nf5 15. Ne2 a5 16. c3 Ba6 17. Bf4 g5 18. Be3 Nxe3 19. Qxe3 Rc8 20. Ng3 h5 21.
Nf5 Bf8 22. Bxd5 Qf6 23. Ng3 Bxd3 24. Qxd3 exd5 25. Rae1+ Kd8 26. Nf5 Qc6 27. Qe3 f6 28. Qf2 Rh7 29. Re2 Kc7 30. Rfe1 Bd6 31. Re6 Qxa4 32.
Nxd6 Rg8 33. Qg3 Kc6 34. Ne8+ Kb5 35. Nc7+ Kc4 36. Qf2 Kb3 37. Rd6 g4 38. f4 g3 39. hxg3 h4 40. gxh4 Rhg7 0-1

[Event "*** SCC Grand Prix: Titled Tuesday Blitz"]
[Site "Chess.com"]
[Date "2020.08.04"]
[Round "9"]
[White "QuintilianoR"]
[Black "XiaoKangZhong"]
[Result "1-0"]
[WhiteElo "2630"]
[BlackElo "2417"]
[TimeControl "180+1"]
[EndTime "15:27:30 PDT"]
[Termination "QuintilianoR won by resignation"]

1. e4 c6 2. d4 d5 3. exd5 cxd5 4. Bd3 Nf6 5. c3 Nc6 6. Bf4 Bg4 7. Qb3 Qc8 8. Nd2 e6 9. Ngf3 Bh5 10. O-O Be7 11. Ne5 Bg6 12. Nxg6 hxg6 13. Rae1 Nh5 14. Be3 Bd6 15.
g3 Nf6 16. Nf3 Qc7 17. Kg2 O-O-O 18. a4 Rh5 19. Qd1 Rdh8 20. h4 Ng4 21. Bd2 Be7 22. Rh1 Bf6 23. Ng5 Bxg5 24. Bxg5 Nf6 25. Bf4 Qd7 26. b4 Re8 27. a5 Ne7 28. Qe2 Rhh8 29. Bb5 Nc6 30. a6 b6 31. Rc1 Kd8 32. Be5 Ne4 33.
c4 Nxe5 34. Bxd7 Nxd7 35. cxd5 exd5 36. Qb5 Re6 37. Qxd5 Rhe8 38. Rc6 Nf6 39. Qc4 Rxc6 40. Qxc6 Re2 41. Qa8+ Ke7 42. Qxa7 Ne4 43. Rf1 Nd2 44. Qb7 Nxf1 45. Kxf1 1-0

[Event "*** SCC Grand Prix: Titled Tuesday Blitz"]
[Site "Chess.com"]
[Date "2020.08.04"]
[Round "9"]
[White "Mikhail_Golubev"]
[Black "vladislavkovalev"]
[Result "0-1"]
[WhiteElo "2597"]
[BlackElo "2877"]
[TimeControl "180+1"]
[EndTime "15:27:31 PDT"]
[Termination "vladislavkovalev won on time"]

1. e4 e5 2. Nf3 Nc6 3. Nc3 Nf6 4. d4 Bb4 5. Nxe5 Qe7 6. Qd3 Nxe5 7. dxe5 Qxe5 8. Bd2 O-O 9. f4 Qe6 10. e5 d6 11. Nb5 Bxd2+ 12. Qxd2 Qe7 13. Qe2 dxe5 14.
Qxe5 Re8 15. O-O-O Bg4 16. Nxc7 Bxd1 17. Nxe8 Rxe8 18. Qxe7 Rxe7 19. Kxd1 Ng4 20. Kd2 Nf2 21. Rg1 Ne4+ 22. Kd1 Nf2+ 23. Kd2 Ne4+ 24. Kd1 f5 25. Bd3 Kf7 26. Re1 Nf2+ 27. Kd2 Rd7 28. Kc3 Kf6 29.
Re2 Nd1+ 30. Kb3 Rd6 31. g3 Rb6+ 32. Ka3 Nxb2 33. Re5 Nxd3 34. cxd3 Rd6 35. Re3 Re6 36. Rxe6+ Kxe6 37. Kb3 Kd5 38. Kc3 h5 39. h3 Kc5 40.
d4+ Kd5 41. Kd3 b5 42. Kc3 a5 43. Kd3 b4 44. Ke3 Kc4 45. g4 hxg4 46. hxg4 g6 47.
g5 a4 48. d5 Kxd5 49. Kf2 b3 50. Kg3 bxa2 51. Kh4 a1=Q 52. Kh3 Qg1 53. Kh4 Ke4 0-1

[Event "*** SCC Grand Prix: Titled Tuesday Blitz"]
[Site "Chess.com"]
[Date "2020.08.04"]
[Round "9"]
[White "Rodalquilar"]
[Black "anpospan"]
[Result "0-1"]
[WhiteElo "2634"]
[BlackElo "2369"]
[TimeControl "180+1"]
[EndTime "15:27:33 PDT"]
[Termination "anpospan won on time"]

1. d4 Nf6 2. Bf4 d6 3. Nf3 g6 4.
e3 Bg7 5. Be2 O-O 6. O-O Nbd7 7.
h3 Re8 8. Bh2 c6 9. Nbd2 e5 10.
Nc4 e4 11. Nfd2 d5 12. Nd6 Re6 13. c4 Ne8 14. Nxc8 Rxc8 15. Qb3 Qb6 16. cxd5 Qxb3 17. axb3 cxd5 18. Rxa7 Rc2 19. Bb5 Ndf6 20. Rd1 Rb6 21. Ba4 Bf8 22. Ra8 Nc7 23. Nc4 Nxa8 24. Nxb6 Nxb6 25. Bb5 Rxb2 26. Ra1 Rxb3 27. Bf1 Rb2 28. Bg3 Kg7 29. Kh2 Nc4 30. Ra8 Bd6 31. Bxd6 Nxd6 32.
Rd8 Nfe8 33. Rd7 Rxf2 34. Kg1 Rb2 35. h4 h5 36. g3 Nf5 37. Bh3 Nf6 38. Rd8 Nxg3 39.
Rd6 b5 40. Bc8 b4 41. Bb7 b3 42. Bxd5 Nxd5 43. Rxd5 Rc2 44. Rd7 b2 45. Rxf7+ Kxf7 0-1

[Event "*** SCC Grand Prix: Titled Tuesday Blitz"]
[Site "Chess.com"]
[Date "2020.08.04"]
[Round "9"]
[White "RaphCamora"]
[Black "BlueWizzard"]
[Result "0-1"]
[WhiteElo "2452"]
[BlackElo "2711"]
[TimeControl "180+1"]
[EndTime "15:27:34 PDT"]
[Termination "BlueWizzard won by checkmate"]

1. Nf3 c5 2. g3 g6 3. Bg2 Bg7 4. O-O Nf6 5. c4 O-O 6. d4 Na6 7. Nc3 d6 8. b3 Bg4 9. Bb2 Qc8 10.
d5 Re8 11. Qd2 Nc7 12. e4 b5 13. cxb5 Rb8 14. a4 a6 15. e5 Nd7 16. e6 fxe6 17.
Ng5 exd5 18. Nxd5 Nf8 19. Nxc7 Qxc7 20. h3 Bxb2 21. Qxb2 Bf5 22. bxa6 c4 23. b4 h6 24. Ne4 Qb6 25. b5 Qxa6 26. Qd4 Qc8 27. Rfe1 Kh7 28.
g4 Ne6 29. Qc3 Bxe4 30. Bxe4 Nf4 31. Bc6 e5 32. Bxe8 Qxe8 33. Qxc4 Nxh3+ 34. Kh2 Ng5 35. Qc7+ Kh8 36. Qxd6 Rd8 37. Qf6+ Kh7 38. Kg2 Qd7 39.
Qxe5 Qb7+ 40. Kf1 Qh1+ 41. Ke2 Qf3+ 42. Kf1 Qh3+ 43. Ke2 Qd3# 0-1

[Event "*** SCC Grand Prix: Titled Tuesday Blitz"]
[Site "Chess.com"]
[Date "2020.08.04"]
[Round "9"]
[White "rynos0411"]
[Black "ChainsOfFantasia"]
[Result "1-0"]
[WhiteElo "2393"]
[BlackElo "2487"]
[TimeControl "180+1"]
[EndTime "15:27:35 PDT"]
[Termination "rynos0411 won by resignation"]

1. d4 Nf6 2. c4 e6 3. Nf3 d5 4. Nc3 Be7 5. Bf4 O-O 6. e3 Nbd7 7. c5 Ne4 8. Qc2 f5 9. Be2 c6 10. Nxe4 fxe4 11. Ne5 Nxe5 12. Bxe5 Bf6 13. Bd6 Be7 14. Be5 Bf6 15. Bd6 Rf7 16. O-O Be7 17. Bg3 Bd7 18.
b4 Bh4 19. Bd6 Be7 20. Be5 Bf6 21. Bg3 Qe7 22. a4 Raf8 23. Bd6 Qd8 24. Bxf8 Rxf8 25. b5 e5 26. Rad1 Qe8 27. bxc6 Bxc6 28. Bb5 Bxb5 29. axb5 exd4 30. exd4 Qxb5 31. Qa2 Qc6 32. Qxa7 Bg5 33. Rb1 e3 34. fxe3 Bxe3+ 35. Kh1 Rxf1+ 36. Rxf1 h6 37. Qb8+ Kh7 38. Qe5 Bg5 39. Qf5+ Qg6 40. Qxd5 Be3 41. Qe5 Qd3 42. Qf5+ Qxf5 43. Rxf5 Bxd4 44.
g4 g6 45. Rd5 Be3 46. Kg2 Kg8 47.
Kf3 Bg1 48. h3 Kf8 49. Ke2 Ke7 50. Kd3 Ke6 51. Kc4 Be3 52. Rd6+ Kf7 53. Rd7+ Kf6 54. Rxb7 h5 55. gxh5 gxh5 56. c6 Ke6 57. Rd7 h4 58. Rd3 Bf4 59. Kb5 1-0

[Event "*** SCC Grand Prix: Titled Tuesday Blitz"]
[Site "Chess.com"]
[Date "2020.08.04"]
[Round "9"]
[White "Shield12"]
[Black "tptagain"]
[Result "1-0"]
[WhiteElo "2854"]
[BlackElo "2936"]
[TimeControl "180+1"]
[EndTime "15:27:38 PDT"]
[Termination "Shield12 won on time"]

1. e4 c5 2. Nf3 Nc6 3. Bb5 e6 4. Bxc6 bxc6 5. d3 Qc7 6. Qe2 e5 7. c3 Nf6 8. O-O Be7 9. d4 cxd4 10. cxd4 exd4 11. Nxd4 O-O 12. Nc3 Re8 13. Re1 d6 14.
Bf4 Ng4 15. Rac1 Qb6 16. Qd2 Bd7 17. Nb3 Rad8 18. h3 Ne5 19. Qe2 Ng6 20. Bg3 Be6 21. Qc2 c5 22. Nd2 Bf6 23. b3 Qb7 24. Nc4 Bxc4 25.
bxc4 Bxc3 26. Qxc3 Rxe4 27. Rxe4 Qxe4 28. Qa5 Qe7 29. Rb1 h5 30. Rb7 Qf6 31. h4 Nxh4 32.
Bxh4 Qxh4 33. Rxa7 Kh7 34. Rxf7 Re8 35. Qc3 Qg5 36.
a4 Qg6 37. Rd7 Rb8 38. a5 Rb1+ 39. Kh2 Rd1 40. a6 Qg4 41. Rxg7+ Qxg7 42. Qc2+ Kh6 43.
Qxd1 Qe5+ 44. Kg1 Qb2 45. Qxd6+ Kh7 46. Qxc5 Qc1+ 47. Kh2 Qh6 48. a7 1-0

[Event "*** SCC Grand Prix: Titled Tuesday Blitz"]
[Site "Chess.com"]
[Date "2020.08.04"]
[Round "9"]
[White "Ole83"]
[Black "elohunter1999"]
[Result "1-0"]
[WhiteElo "2351"]
[BlackElo "2467"]
[TimeControl "180+1"]
[EndTime "15:27:39 PDT"]
[Termination "Ole83 won on time"]

1. Nf3 f5 2. g3 Nf6 3. Bg2 e6 4. O-O d5 5. d3 Bd6 6. Nbd2 Nc6 7. e4 fxe4 8. dxe4 O-O 9. Qe2 Be7 10. e5 Ng4 11. h3 Nh6 12. Nb3 Nf5 13. g4 Nh4 14.
Nxh4 Bxh4 15. f4 a5 16. a4 b6 17. Rd1 Ba6 18. Qe3 Qe7 19. Bf1 g5 20. Bxa6 Rxa6 21. f5 exf5 22. Qe2 Raa8 23. Rxd5 fxg4 24.
hxg4 Nb4 25. Rd1 Rf2 26. Qc4+ Kh8 27. e6 Rxc2 28. Qe4 Qf6 29. Qxa8+ Kg7 30. Rd7+ Kh6 31. Bxg5+ Bxg5 32. Qh1+ Bh4 33. Rf1 Rf2 34. Qh3 Rxf1+ 35. Qxf1 Qg5 36. Qe2 Qf4 37. Qd2 Bf2+ 38. Kg2 Be3 39.
Qe2 Qe4+ 40. Qf3 Qc2+ 41. Kh3 Bg5 42. e7 1-0

[Event "*** SCC Grand Prix: Titled Tuesday Blitz"]
[Site "Chess.com"]
[Date "2020.08.04"]
[Round "9"]
[White "davidkalashian"]
[Black "boasovietica"]
[Result "1-0"]
[WhiteElo "2566"]
[BlackElo "2407"]
[TimeControl "180+1"]
[EndTime "15:27:42 PDT"]
[Termination "davidkalashian won by resignation"]

1. e4 e5 2. Nf3 Nc6 3. d4 exd4 4. Nxd4 Bb4+ 5. Nc3 Qf6 6. Be3 Nge7 7. Be2 O-O 8. O-O d6 9. Nd5 Nxd5 10. exd5 Ne5 11. Nb5 Ba5 12. b4 a6 13. Nxd6 Bxb4 14. Nxc8 Raxc8 15.
Qd4 Bc3 16. Qd1 Bxa1 17. Qxa1 Qd6 18. c4 b6 19. Qc3 Rfe8 20. h3 Rcd8 21. Rd1 a5 22. a3 Ng6 23. Bf1 Rd7 24. Bd4 f6 25. c5 bxc5 26. Bxc5 Qe5 27. Bd4 Qg5 28. Be3 Qh5 29.
g4 Qe5 30. Bd4 Qe4 31. f3 Qf4 32. Bf2 Rde7 33. Rd4 Qd6 34. Qxa5 Ne5 35. Kg2 h5 36. Qb4 Qd7 37. Bb5 c6 38. dxc6 Qc7 39. Qd6 Qa5 40.
a4 Ng6 41. c7 Qxc7 42. Qxc7 Rxc7 43. Bxe8 hxg4 44. Bxg6 1-0

[Event "*** SCC Grand Prix: Titled Tuesday Blitz"]
[Site "Chess.com"]
[Date "2020.08.04"]
[Round "9"]
[White "PawnEatingZombie"]
[Black "rududuyk"]
[Result "0-1"]
[WhiteElo "2224"]
[BlackElo "2098"]
[TimeControl "180+1"]
[EndTime "15:27:43 PDT"]
[Termination "rududuyk won by resignation"]

1. d4 e6 2. c4 f5 3. g3 Nf6 4. Bg2 Be7 5. Nf3 O-O 6. O-O d6 7. Nc3 Ne4 8. Nxe4 fxe4 9. Ne1 d5 10. f3 dxc4 11. fxe4 Rxf1+ 12. Kxf1 c5 13. e3 Nc6 14.
Nc2 Bf6 15. Qe2 cxd4 16. exd4 Nxd4 17. Nxd4 Qxd4 18. Be3 Qxb2 19. Qxb2 Bxb2 20. Rd1 c3 21. Bc1 b6 22. e5 Ba6+ 23. Kf2 c2 24. Re1 Bd4+ 25.
Be3 Rf8+ 26. Bf3 Bxe5 27. Rc1 Bb7 28. Rxc2 Rxf3+ 29. Ke2 Rf8 30. Rd2 Bf6 31. Rd7 Ba6+ 32. Ke1 Ra8 33. g4 Bc4 34. g5 Bc3+ 35. Kf2 Bxa2 36.
h4 b5 37. h5 b4 38. g6 Rf8+ 39. Ke2 hxg6 40. hxg6 Bc4+ 41. Kd1 a5 42. Bc5 Rf1+ 43.
Kc2 Rf8 44. Bxf8 Kxf8 45. Rf7+ Kg8 46. Ra7 Kf8 47. Rf7+ Ke8 48. Rc7 Bd5 49. Ra7 Be4+ 50. Kb3 Bxg6 51. Rxa5 e5 52. Ra7 e4 53. Kc2 e3+ 54.
Kd1 Bd3 55. Ra2 e2+ 0-1

[Event "*** SCC Grand Prix: Titled Tuesday Blitz"]
[Site "Chess.com"]
[Date "2020.08.04"]
[Round "9"]
[White "1977Ivan"]
[Black "Char_dasha"]
[Result "0-1"]
[WhiteElo "2678"]
[BlackElo "2457"]
[TimeControl "180+1"]
[EndTime "15:27:44 PDT"]
[Termination "Char_dasha won on time"]

1. d4 f5 2. c4 Nf6 3. Nc3 e6 4. a3 b6 5. Nf3 Bb7 6. d5 Na6 7. Bf4 Be7 8. e3 O-O 9. Be2 Nc5 10. O-O Nfe4 11. Nxe4 fxe4 12. Nd4 Bf6 13. Nb5 d6 14. b4 Bxa1 15. bxc5 Be5 16. c6 Bc8 17. Bxe5 dxe5 18. d6 a6 19. Nxc7 Ra7 20. c5 bxc5 21. Bc4 Rxc7 22. dxc7 Qxc7 23. Qa4 Rd8 24.
Rb1 Rd6 25. h4 Rxc6 26. Rb8 Kf7 27. Qb3 Qd8 28. Rb7+ Bxb7 29. Qxb7+ Qc7 30. Qa8 Qc8 31. Qa7+ Rc7 32. Qb6 Re7 33. Qd6 Qd7 34. Qxe5 Qd1+ 35. Kh2 Qg4 36. g3 Qf3 37. Kg1 Qd1+ 38. Kh2 Qf3 39. Kg1 Qf6 40. Qxc5 Rd7 41. Be2 Rd2 42. Qh5+ Ke7 43. Kg2 Qb2 44. Qg5+ Kf7 45. Bh5+ g6 46. Qf4+ Kg7 47. Qc7+ Kh6 0-1

[Event "*** SCC Grand Prix: Titled Tuesday Blitz"]
[Site "Chess.com"]
[Date "2020.08.04"]
[Round "9"]
[White "superchess02"]
[Black "Hrant_ChessMood"]
[Result "0-1"]
[WhiteElo "2726"]
[BlackElo "2868"]
[TimeControl "180+1"]
[EndTime "15:27:46 PDT"]
[Termination "Hrant_ChessMood won by checkmate"]

1. e4 c6 2. d4 d5 3. exd5 cxd5 4. c4 Nf6 5. Nc3 e6 6. Nf3 Bb4 7. Bg5 Nc6 8. cxd5 exd5 9. Bb5 h6 10. Bxf6 Qxf6 11.
O-O Bxc3 12. Bxc6+ bxc6 13. bxc3 O-O 14. Ne5 c5 15. Re1 cxd4 16. cxd4 Be6 17. Qa4 Rfc8 18. Rab1 Rc7 19. Rbc1 Rac8 20. Rxc7 Rxc7 21. h3 g5 22. Qd1 Kg7 23. Re3 Qf4 24. g3 Qf5 25. Ng4 Rc4 26.
Kg2 a5 27. Re5 Qc2 28. Qf3 Qg6 29. Qe3 Rc2 30. Nh2 Rxa2 31. Nf3 Ra1 32. Nxg5 Qb1 33. Nxe6+ fxe6 34. Kf3 Qd1+ 35. Kf4 Ra4 36. Rxe6 Rxd4+ 37. Ke5 Re4+ 38. Qxe4 dxe4 39. Re7+ Kf8 40. Re6 Qa1+ 41. Kf5 Qa2 42. Kg6 Qxe6+ 43. Kh7 a4 44. h4 Qf7+ 45.
Kxh6 a3 46. h5 a2 47. g4 a1=Q 48. g5 Qh8# 0-1

[Event "*** SCC Grand Prix: Titled Tuesday Blitz"]
[Site "Chess.com"]
[Date "2020.08.04"]
[Round "9"]
[White "KyrgyzFighter"]
[Black "ferdipy"]
[Result "1-0"]
[WhiteElo "2320"]
[BlackElo "2316"]
[TimeControl "180+1"]
[EndTime "15:27:47 PDT"]
[Termination "KyrgyzFighter won on time"]

1. c4 e5 2. Nc3 Nc6 3. g3 g6 4. Bg2 Bg7 5. e3 d6 6. Nge2 Be6 7. d3 Qd7 8. Rb1 a5 9. h4 h5 10. a3 Nge7 11. b4 axb4 12. axb4 O-O 13. O-O f5 14.
Nd5 Nd8 15. f4 Ra2 16. Rb2 Rxb2 17. Bxb2 c6 18. Nxe7+ Qxe7 19. Qc2 Nf7 20. e4 Ra8 21.
Ra1 Rxa1+ 22. Bxa1 fxe4 23. dxe4 Bg4 24. f5 gxf5 25.
exf5 Nh6 26. b5 Bxf5 27. Qd2 e4 28. Bxg7 Kxg7 29. bxc6 bxc6 30. Nf4 Ng4 31. Nxh5+ Kh7 32. Qf4 Qa7+ 33. Kh1 Nf2+ 34. Kh2 Ng4+ 35. Kh3 Nh6+ 36. Kh2 Ng4+ 37. Kh1 Qa1+ 38. Bf1 Bg6 39. Qxg4 Qxf1+ 40. Kh2 Qf2+ 41. Kh1 Qe1+ 42. Kg2 Qd2+ 43. Kg1 Qe1+ 44.
Kg2 Qd2+ 45. Kh3 Qc3 46. Qd7+ Kh6 47. Nf4 Qe5 48. Nxg6 Kxg6 49. Qg4+ Kf6 50. h5 e3 51. h6 1-0

[Event "*** SCC Grand Prix: Titled Tuesday Blitz"]
[Site "Chess.com"]
[Date "2020.08.04"]
[Round "9"]
[White "BeanScreen"]
[Black "Alberquintin"]
[Result "1/2-1/2"]
[WhiteElo "2714"]
[BlackElo "2501"]
[TimeControl "180+1"]
[EndTime "15:27:50 PDT"]
[Termination "Game drawn by repetition"]

1. e4 e5 2. Nf3 Nc6 3. Bc4 Nf6 4. d3 Bc5 5. c3 d6 6. Nbd2 O-O 7. Nf1 Ng4 8. Ne3 Nxe3 9. Bxe3 Bxe3 10. fxe3 Be6 11. Bxe6 fxe6 12. O-O Qe7 13. Qe1 Rf7 14. Qg3 Raf8 15.
Rf2 Nb8 16. Raf1 Nd7 17. d4 exd4 18. exd4 e5 19. dxe5 Nxe5 20. Nxe5 Rxf2 21. Rxf2 Rxf2 22. Qxf2 Qxe5 23. Qxa7 h6 24. Qxb7 Qc5+ 25. Kf1 Qe3 26. Qb3+ Kh8 27. Qc2 Qf4+ 28. Kg1 Qe3+ 29. Kf1 Qf4+ 30.
Ke2 Qxh2 31. Kd3 Qg1 32. b4 Qf1+ 33. Kd4 Qb5 34. a4 c5+ 35. Kd5 Qb7+ 36. Kxd6 cxb4 37. cxb4 Qxb4+ 38. Ke6 Qb6+ 39. Kd5 Qa5+ 40. Kc4 Qc7+ 41. Kb3 Qb6+ 42. Ka3 Qd6+ 43. Kb2 Qe5+ 44. Kb1 Qb8+ 45.
Qb2 Qa8 46. Qb4 Qa7 47. Kc2 Qf2+ 48. Qd2 Qc5+ 49. Kb3 Qb6+ 50. Ka2 Qe6+ 51. Qd5 Qa6 52. Qb5 Qe6+ 53. Qd5 Qg6 54. a5 Qxg2+ 55. Kb3 Qf3+ 56. Kb4 Qe2 57. Qa8+ Kh7 58. a6 Qb2+ 59. Kc5 Qc3+ 60.
Kd6 Qf6+ 61. Kc7 Qe5+ 62. Kc8 Qe8+ 63. Kb7 Qxe4+ 64. Ka7 Qd4+ 65. Kb8 Qd8+ 66. Ka7 Qd4+ 67. Kb8 Qd8+ 68. Kb7 Qd5+ 69. Ka7 Qd4+ 1/2-1/2

[Event "*** SCC Grand Prix: Titled Tuesday Blitz"]
[Site "Chess.com"]
[Date "2020.08.04"]
[Round "9"]
[White "Resignify"]
[Black "Klavdia_Nik"]
[Result "1-0"]
[WhiteElo "2206"]
[BlackElo "2018"]
[TimeControl "180+1"]
[EndTime "15:27:50 PDT"]
[Termination "Resignify won on time"]

1. e4 g6 2. d4 Bg7 3. Nf3 d6 4. Nc3 c6 5. Be2 Nf6 6. a4 a5 7. O-O O-O 8. Re1 Na6 9. h3 Nb4 10. Bf1 h6 11. Nb1 d5 12. e5 Ne4 13. c3 Na6 14. Nbd2 Nxd2 15. Qxd2 Kh7 16. Bd3 c5 17. h4 cxd4 18. cxd4 Nb4 19. Bb1 Bg4 20. Nh2 Qc8 21. Nxg4 Qxg4 22. Qf4 Qxf4 23. Bxf4 e6 24. h5 Rfc8 25. Bd2 Nc2 26. hxg6+ fxg6 27. Bxc2 Rxc2 28. Bc3 Bf8 29. Rac1 Rxc1 30. Rxc1 Rc8 31. Kf1 g5 32. Ke2 Kg6 33. g4 b6 34. Kd3 Be7 35. Bd2 Rxc1 36. Bxc1 h5 37. gxh5+ Kxh5 38. f3 Kh4 39. Ke2 Kg3 40. Bd2 Kg2 41. Be3 Bd8 42. Bd2 Be7 43.
Be1 Bb4 44. Bc3 Bxc3 45. bxc3 Kg3 46. Ke3 Kg2 47. Ke2 Kg3 48. Ke3 Kg2 49. f4 1-0

[Event "*** SCC Grand Prix: Titled Tuesday Blitz"]
[Site "Chess.com"]
[Date "2020.08.04"]
[Round "9"]
[White "Micki-taryan"]
[Black "Beca95"]
[Result "1-0"]
[WhiteElo "3059"]
[BlackElo "2888"]
[TimeControl "180+1"]
[EndTime "15:27:58 PDT"]
[Termination "Micki-taryan won by resignation"]

1. e3 d5 2. Nf3 Nf6 3. b3 e6 4.
Bb2 Bd6 5. c4 O-O 6. Be2 b6 7.
g4 Bb7 8. g5 Nfd7 9. h4 dxc4 10. bxc4 Nc6 11. Nc3 Nce5 12. d3 Qe7 13. Rg1 Ba3 14.
Bxa3 Qxa3 15. Nb5 Qb4+ 16. Kf1 a6 17. Nbd4 Rad8 18. h5 Qe7 19. Nxe5 Nxe5 20. f4 c5 21.
fxe5 cxd4 22. Rb1 Qc7 23. e4 Bc6 24. Qe1 b5 25. cxb5 Bxb5 26. Qg3 Rc8 27. h6 Qc2 28. Kf2 Rc3 29. hxg7 Rfc8 30. Rbd1 Qxa2 31. Qf3 Rc2 32. Rde1 Rd2 33. Rh1 Bxd3 34. Rxh7 Rxe2+ 35. Rxe2 Qxe2+ 36. Qxe2 Bxe2 37. Rh8+ Kxg7 38. Rxc8 Bb5 39. Rd8 Kg6 40. Rxd4 Kxg5 41. Ke3 f6 42. Rd6 Bc4 43. Kd4 Bb3 44. Rxa6 Kg6 45. Rb6 Ba2 46. Rb2 fxe5+ 47. Kxe5 Bc4 48. Rf2 Kg7 49. Rc2 Bb3 50.
Rb2 Bc4 51. Rb4 Ba2 52. Rb7+ Kg6 53. Ra7 Bb3 54. Re7 Ba2 55. Rxe6+ 1-0